AoeStats
← 星之清风

Arena

509331559Analyzed
4v4 RM · 5d ago on Sep 26, 2026· 57m 57s· 8 players
Game mode
Random Map
Map size
Large (8 player)
Population
200
Speed
Normal
Resources
Standard
Victory
Conquest
Starting age
Dark Age
Ending age
Imperial Age
RankedLock teamsTeams togetherTeam positionsShared explorationLock speedFull tech treeHidden civsTurbo modeCheats
Victory
Defeat
🇫🇮 Hindustanis · Finland
954
+16
🇦🇷 Varangians · Argentina
931
+17
🇪🇪 Lithuanians · Estonia
906
+18
🇧🇷 Franks · Brazil
832
+21
🇨🇳 Spanish · China
1001
-20
🇹🇼 Saracens · Taiwan
954
-18
🇹🇼 Persians · Taiwan
923
-17
🇨🇳 Franks · China
923
-17
春元胯下巨蟒
11:09 Feudal Age
15:11 Castle Age
14:47 Stone Mining
14:54 Loom
21:07 Double-Bit Axe
21:59 Horse Collar
23:46 Gold Mining
29:48 Wheelbarrow
34:08 Imperial Age
31:55 Hand Cart
33:19 Bow Saw
35:13 Scale Barding Armor
36:58 Forging
37:36 Devotion
37:09 Elite Mameluke
39:58 Iron Casting
39:43 Chain Barding Armor
40:30 Pikeman
41:10 Squires
40:56 Arson
40:57 Gambesons
42:41 Blast Furnace
41:42 Scale Mail Armor
42:41 Plate Barding Armor
52:49 Two-Man Saw
竹杖
10:59 Feudal Age
12:23 Double-Bit Axe
14:56 Castle Age
16:09 Bow Saw
20:25 Gold Mining
22:17 Wheelbarrow
24:06 Hand Cart
24:40 Gold Shaft Mining
25:21 Scale Barding Armor
25:27 Treadmill Crane
28:20 Imperial Age
25:37 Loom
25:39 Town Watch
28:00 Husbandry
28:13 Forging
28:44 Squires
28:30 Arson
28:06 Pikeman
29:10 Chain Barding Armor
29:02 Chivalry
29:59 Cavalier
31:18 Iron Casting
30:40 Halberdier
32:13 Plate Barding Armor
32:46 Paladin
34:40 Blast Furnace
33:43 Scale Mail Armor
37:02 Chemistry
36:23 Ballistics
38:41 Halberdier
40:47 Chain Mail Armor
43:50 Coinage
43:58 Plate Mail Armor
43:51 Ballistics
44:56 Caravan
48:43 Masonry
48:38 Siege Engineers
48:47 Fortified Wall
48:46 Siege Engineers
kobe876515
11:11 Feudal Age
9:29 Loom
15:39 Castle Age
13:52 Double-Bit Axe
14:55 Horse Collar
16:36 Heavy Plow
22:47 Bow Saw
24:11 Wheelbarrow
23:47 Gold Mining
24:37 Stone Mining
25:47 Hand Cart
26:57 Gold Shaft Mining
26:57 Stone Shaft Mining
28:15 Bloodlines
28:07 Husbandry
28:33 Forging
28:29 Scale Barding Armor
28:12 Town Watch
31:21 Imperial Age
28:52 Town Patrol
29:53 Iron Casting
30:45 Chain Barding Armor
30:59 Cavalier
32:44 Blast Furnace
32:26 Conscription
33:10 Crop Rotation
33:42 Two-Man Saw
32:53 Savar
34:09 Pikeman
35:24 Scale Mail Armor
35:59 Plate Barding Armor
34:46 Halberdier
36:31 Squires
44:26 Chain Mail Armor
50:03 Plate Mail Armor
50:28 Light Cavalry
51:06 Hussar
星之清风
10:56 Feudal Age
13:47 Loom
17:28 Castle Age
15:53 Stone Mining
16:16 Horse Collar
16:50 Double-Bit Axe
17:26 Town Watch
18:38 Wheelbarrow
17:52 Town Watch
19:19 Wheelbarrow
19:17 Heavy Plow
23:05 Bow Saw
23:01 Gold Mining
26:50 Forging
30:48 Iron Casting
30:20 Scale Barding Armor
34:45 Imperial Age
34:16 Masonry
34:27 Ballistics
35:26 Chain Barding Armor
35:22 Bloodlines
35:13 Husbandry
36:51 Squires
38:49 Conscription
38:53 Cavalier
39:12 Pikeman
41:14 Halberdier
44:50 Blast Furnace
44:26 Plate Barding Armor
47:41 Two-Man Saw
47:12 Scale Mail Armor
47:27 Capped Ram
49:21 Hand Cart
51:17 Chain Mail Armor
50:46 Light Cavalry
52:49 Hoardings
51:55 Siege Ram
58:35 Plate Mail Armor
Big-Tula
10:17 Feudal Age
10:51 Horse Collar
10:58 Double-Bit Axe
17:27 Castle Age
15:51 Stone Mining
16:08 Loom
16:32 Gold Mining
19:18 Scale Barding Armor
18:47 Pikeman
19:30 Squires
19:45 Light Cavalry
20:35 Bloodlines
21:36 Bloodlines
23:20 Crossbowman
24:15 Town Watch
27:30 Husbandry
30:38 Chain Barding Armor
30:33 Elite Skirmisher
35:02 Wheelbarrow
34:48 Fletching
38:02 Bodkin Arrow
38:08 Scale Mail Armor
38:17 Heavy Plow
38:27 Padded Archer Armor
40:35 Hand Cart
43:20 Imperial Age
48:31 Scale Mail Armor
51:06 Cavalier
54:04 Chain Mail Armor
54:00 Forging
54:38 Hand Cart
54:27 Halberdier
57:27 Capped Ram
chebuM
11:23 Feudal Age
16:26 Castle Age
15:10 Double-Bit Axe
15:09 Horse Collar
19:04 Stone Mining
19:06 Gold Mining
20:57 Bow Saw
20:49 Heavy Plow
22:50 Stone Shaft Mining
25:09 Scale Barding Armor
25:16 Forging
27:45 Chain Barding Armor
28:02 Iron Casting
32:09 Imperial Age
30:19 Wheelbarrow
31:17 Bloodlines
30:36 Light Cavalry
31:19 Husbandry
33:16 Hand Cart
33:39 Plate Barding Armor
33:29 Conscription
32:34 Winged Hussar
32:51 Cavalier
34:28 Paladin
38:11 Crop Rotation
38:45 Two-Man Saw
Mozart
11:03 Feudal Age
12:47 Loom
15:58 Castle Age
14:29 Double-Bit Axe
14:27 Horse Collar
15:32 Gold Mining
16:57 Bow Saw
18:54 Heavy Plow
21:33 Scale Barding Armor
23:40 Stone Mining
24:26 Gold Shaft Mining
25:35 Wheelbarrow
27:19 Hand Cart
30:15 Imperial Age
28:05 Town Watch
29:08 Bloodlines
28:58 Husbandry
30:18 Stone Shaft Mining
30:51 Chain Barding Armor
30:57 Masonry
30:29 Heavy Camel Rider
31:23 Forging
32:17 Two-Man Saw
32:24 Chemistry
32:43 Siege Engineers
32:44 Imperial Camel Rider
34:03 Iron Casting
34:38 Grand Trunk Road
36:12 Conscription
37:04 Plate Barding Armor
37:29 Blast Furnace
37:00 Shatagni
39:55 Caravan
40:09 Padded Archer Armor
41:04 Town Patrol
41:59 Leather Archer Armor
43:26 Hoardings
43:06 Careening
51:03 Ring Archer Armor
50:10 Siege Elephant
54:57 Fletching
58:46 Ballistics
drdiegogusmao
1:57 Loom
11:24 Feudal Age
12:04 Double-Bit Axe
19:40 Castle Age
18:07 Gold Mining
18:08 Stone Mining
19:15 Fletching
19:26 Padded Archer Armor
20:33 Bow Saw
23:32 Wheelbarrow
28:15 Forging
28:04 Town Watch
31:28 Caravan
31:58 Coinage
34:25 Hand Cart
37:55 Imperial Age
35:56 Husbandry
35:17 Light Cavalry
36:34 Iron Casting
36:00 Scale Mail Armor
37:16 Bodkin Arrow
37:36 Leather Archer Armor
37:48 Town Patrol
39:08 Scale Barding Armor
39:19 Chain Mail Armor
40:23 Banking
40:44 Chain Barding Armor
41:37 Conscription
40:39 Ordonnance Companies
41:54 Hoardings
42:44 Plate Barding Armor
43:41 Chemistry
42:52 Masonry
42:23 Treadmill Crane
42:49 Siege Engineers
43:05 Ballistics
42:28 Cavalier
44:25 Blast Furnace
43:56 Plate Mail Armor
44:56 Paladin
46:45 Architecture
46:26 Careening
46:52 Chivalry
46:13 Elite Throwing Axeman
51:03 Arrowslits
51:08 Guard Tower
57:22 Heavy Scorpion
57:23 Onager
57:24 Capped Ram
Connection lost

Rejoining the realm…

Still unreachable

The connection could not be restored.

Session expired

The server has moved on; the page needs a fresh start.